Map: Prion Terraces

Players

Fiend

  • Race: Terran Terran
  • League: Platinum

DeeJay - Winner!

  • Race: Zerg Zerg
  • League: Platinum

VOD

Have the link to the VOD?

Description

Time

  • Played on: March 27, 2016, 5:12 p.m.
  • Length: 16:05
Show
View Real Time Build Order
Export as new Build Order

Fiend Terran 

Build Orders:  

Get SALT Encoding   

  12  0:00  SCV  
  13  0:13  SCV  
  14  0:17  Supply Depot  
  14  0:25  SCV  
  15  0:29  Refinery  
  15  0:39  SCV  
  16  0:46  Barracks  
  16  0:51  SCV  
  17  1:06  SCV  
  18  1:18  SCV  
  20  1:34  Orbital Command  
  20  1:35  Marine  
  20  1:47  Supply Depot  
  20  1:55  Marine  
  21  2:02  SCV  
  21  2:08  Factory  
  22  2:20  SCV  
  22  2:22  Barracks Reactor  
  23  2:32  SCV  
  24  2:44  Command Center  
  24  2:55  Factory Tech Lab  
  24  3:00  Marine x2  
  24  3:02  SCV  
  27  3:06  Supply Depot  
  27  3:19  SCV, Starport  
  28  3:22  Marine  
  28  3:23  Marine  
  30  3:31  SCV, Refinery  
  31  3:38  Siege Tank  
  31  3:41  Marine  
  35  3:44  Marine  
  36  4:01  SCV  
  37  4:04  Bunker, Medivac  
  39  4:13  SCV  
  40  4:21  Orbital Command  
  40  4:25  SCV  
  34  4:37  Marine x2  
  36  4:55  Marine  
  36  4:56  Marine  
  38  5:00  Barracks  
  38  5:07  Widow Mine  
  38  5:13  Marine  
  40  5:25  Liberator  
  40  5:35  Marine x2  
  45  6:01  SCV  
  46  6:07  Refinery  
  46  6:15  Barracks Tech Lab  
  46  6:21  Barracks  
  46  6:24  Barracks  
  46  6:45  Supply Depot  
  46  6:46  Supply Depot  
  46  6:53  Marine x2  
  46  7:06  SCV x2, Marine, Widow Mine  
  51  7:10  Marine  
  51  7:11  Marine  
  53  7:19  SCV  
  54  7:24  Marine  
  54  7:25  Engineering Bay  
  54  7:28  Marine  
  54  7:29  Engineering Bay, SCV  
  57  7:31  SCV, Marine  
  59  7:37  Barracks Reactor  
  59  7:38  Barracks Reactor  
  59  7:40  Starport Reactor  
  59  7:42  Marine  
  60  7:46  Marine  
  60  7:47  SCV  
  62  7:51  Refinery  
  62  7:53  Missile Turret  
  62  7:55  Missile Turret  
  62  7:58  Terran Infantry Weapons Level 1  
  62  8:11  Supply Depot  
  62  8:14  Supply Depot  
  62  8:23  Liberator  
  62  8:32  Marine x6  
  62  8:33  SCV x2  
  70  8:35  Marine  
  74  8:45  SCV  
  74  8:47  Supply Depot, Armory  
  75  8:50  Marine x2  
  68  9:02  Marine  
  68  9:03  Marine x2  
  68  9:04  Marine x2  
  68  9:08  Liberator  
  73  9:14  Marine x2  
  75  9:20  Marine  
  75  9:21  Marine  
  75  9:29  Marine x2  
  81  9:43  Marine x3  
  81  9:44  Marine  
  85  9:46  Barracks Tech Lab  
  85  9:47  Marine  
  85  9:48  Factory Tech Lab  
  85  9:58  Marine  
  85  9:59  Supply Depot  
  86  10:01  Supply Depot  
  86  10:04  Terran Infantry Armor Level 1  
  86  10:07  Refinery  
  86  10:14  Marine x2  
  85  10:19  Marine  
  85  10:20  Marine x3  
  89  10:29  Marine  
  89  10:31  Marine x2  
  89  10:38  Marine x3  
  89  10:41  Marine  
  93  10:47  Marine  
  93  10:49  Marine x2  
  96  10:56  Marine x3  
  85  11:22  Marine x2  
  85  11:23  Marine x5  
  85  11:27  Stimpack  
  83  11:38  Siege Tank  
  86  11:40  Marine  
  86  11:42  SCV  
  86  11:43  SCV  
  88  12:00  Marine x2  
  88  12:01  Marine x4  
  92  12:04  SCV  
  96  12:08  SCV  
  96  12:28  Marine x2  
  96  12:29  Marine x2  
  100  12:31  Missile Turret  
  100  12:33  Missile Turret, Marine x2  
  100  12:35  Missile Turret  
  100  12:36  Sensor Tower  
  102  12:49  Supply Depot  
  102  12:55  Supply Depot  
  102  13:07  Marine  
  102  13:08  Marine  
  102  13:10  SCV, Marine x2  
  105  13:15  Starport Tech Lab  
  105  13:17  Marine x2  
  105  13:18  Terran Infantry Weapons Level 2  
  107  13:26  Command Center, Marine x3  
  110  13:30  Terran Infantry Armor Level 2  
  81  13:49  Missile Turret  
  63  14:01  Marine x4  
  63  14:02  Marine  
  62  14:15  SCV x2  
  64  14:22  Raven  
  66  14:39  Starport  
  66  14:53  Planetary Fortress  
  66  15:01  Marine x2  
  66  15:02  Marine  
  41  15:25  Marine  
  41  15:26  Marine x6  
  37  15:43  Marine x2  
  37  15:44  Marine x2  
  37  15:45  Marine x2  
Show
View Real Time Build Order
Export as new Build Order

DeeJay Zerg - Winner!

Build Orders: Hatch First, Lurkers 

Get SALT Encoding   

  12  0:16  Drone  
  12  0:17  Drone  
  14  0:25  Extractor x2, Drone  
  13  0:29  Drone  
  16  0:56  Hatchery  
  15  1:02  Spawning Pool  
  14  1:10  Overlord  
  15  1:25  Hatchery  
  15  1:31  Drone x2  
  15  1:32  Drone  
  17  1:36  Extractor  
  16  1:47  Overlord  
  17  1:59  Hatchery  
  16  2:06  Evolution Chamber  
  15  2:09  Queen  
  15  2:13  Zergling x4  
  19  2:19  Zergling x2  
  20  2:27  Zergling x2  
  21  2:39  Overlord  
  22  2:50  Extractor  
  21  2:52  Metabolic Boost  
  21  3:06  Extractor  
  21  3:14  Zergling x4  
  21  3:15  Zergling x2  
  24  3:36  Drone x2  
  24  3:37  Drone  
  27  3:41  Overlord  
  27  3:46  Hatchery  
  26  3:58  Hatchery, Overlord  
  25  4:23  Zergling x4  
  25  4:42  Drone x4  
  29  4:51  Queen  
  29  4:54  Overlord  
  29  5:01  Zergling x2  
  30  5:13  Zergling x2  
  30  5:14  Zergling x6  
  33  5:26  Queen  
  33  5:27  Zergling x8  
  33  5:28  Zergling x2  
  40  5:36  Roach Warren  
  40  5:42  Overlord x2  
  39  5:46  Drone x4  
  43  6:02  Overlord  
  43  6:05  Queen  
  43  6:09  Pneumatized Carapace  
  37  6:27  Roach x2  
  40  6:34  Drone x11  
  40  6:38  Extractor  
  40  6:39  Extractor  
  46  7:09  Lair  
  46  7:13  Extractor  
  44  7:20  Roach x2  
  48  7:25  Zergling x12  
  48  7:26  Zergling x4  
  56  7:32  Drone x3  
  59  7:43  Ravager x2  
  61  7:45  Drone  
  61  7:46  Drone x6  
  61  7:47  Drone x2  
  70  8:07  Hatchery  
  70  8:10  Roach x3  
  70  8:11  Roach x3  
  81  8:16  Overseer  
  81  8:22  Hydralisk Den  
  81  8:24  Burrow  
  82  8:34  Roach  
  82  8:35  Roach x5  
  92  8:57  Lurker Den  
  86  9:25  Spire  
  86  9:28  Ravager  
  86  9:29  Ravager x2  
  86  9:30  Zergling x2  
  86  9:31  Zergling x20  
  99  9:35  Overlord x3  
  99  9:39  Hydralisk  
  99  9:40  Hydralisk  
  103  9:50  Overlord  
  103  9:51  Overlord  
  103  9:52  Extractor  
  102  10:02  Hydralisk x4  
  102  10:03  Hydralisk  
  92  10:37  Mutalisk x3  
  94  10:45  Lurker  
  81  11:33  Drone  
  75  12:01  Drone x15  
  86  12:23  Hatchery  
  85  12:30  Lurker x3  
  85  12:33  Queen  
  90  12:43  Drone  
  91  12:46  Extractor  
  91  12:47  Hatchery  
  91  12:49  Extractor  
  88  13:12  Zergling x8  
  92  13:13  Zergling x20  
  102  13:23  Infestation Pit  
  49  13:59  Mutalisk  
  49  14:00  Mutalisk x12  
  72  14:13  Drone x6  
  78  14:32  Zergling x2  
  78  14:33  Zergling x16  
  87  14:49  Zergling x2  
  87  14:50  Zergling x14  
  95  15:07  Zergling x2  
  80  15:23  Hydralisk x5  
  80  15:24  Hydralisk  
Tags
 
Add a new tag
Caveats
  • Supply blocks, unpowered buildings, or Contaminate may cause inaccurate times.
  • Supply counts are checked every 10 seconds.